 Dungeon Crawl Stone Soup version 0.30.1-11-g7821555f0a (webtiles) character file.

Game seed: 13573042497890476950

98 Peloso the Trooper (level 4, -2/40 HPs)
             Began as a Minotaur Fighter on Jan 14, 2024.
             Slain by a gnoll
             ... wielding a +0 whip
              (5 damage)
             ... on level 3 of the Dungeon.
             The game lasted 00:03:01 (1664 turns).

Peloso the Trooper (Minotaur Fighter)               Turns: 1664, Time: 00:03:02

Health: -2/40      AC:  7    Str: 16    XL:     4   Next: 44%
Magic:  3/3        EV:  9    Int:  5    God:
Gold:   162        SH:  5    Dex: 14    Spells: 3/3 levels left

rFire   . . .        a - +0 falchion "Gaathemeon" {speed, rC++ rN+ Str-5 Dex+3}
rCold   + + .        c - +0 buckler
rNeg    + . .        p - +0 scale mail
rPois   .            (helmet restricted)
rElec   .            (no cloak)
rCorr   .            (no gloves)
SInv    .            (no boots)
Will    +....        (no amulet) Stlth
                     m - ring of willpower
HPRegen 0.26/turn    (no ring)
MPRegen 0.08/turn

%: no passive effects
@: no status effects
A: horns 2, retaliatory headbutt
a: no special abilities


You were on level 3 of the Dungeon.
You visited 1 branch of the dungeon, and saw 3 of its levels.

You collected 162 gold pieces.

Inventory:

Hand Weapons
 a - the +0 falchion "Gaathemeon" (weapon) {speed, rC++ rN+ Str-5 Dex+3}
   (You found it on level 2 of the Dungeon)

   Str:       It affects your strength (-5).
   Dex:       It affects your dexterity (+3).
   rC:        It greatly protects you from cold.
   rN:        It protects you from negative energy.
 b - a +0 long sword
Armour
 c - a +0 buckler (worn)
 p - a +0 scale mail (worn)
Jewellery
 l - a +6 ring of intelligence
 m - a ring of willpower (left hand)
Scrolls
 e - 4 scrolls of identify {unknown}
 h - a scroll of blinking {unknown}
 j - a scroll of fog {unknown}
 k - a scroll of fear {unknown}
 q - a scroll of noise {unknown}
Potions
 d - a potion of might
 f - 2 potions of mutation {unknown}
 g - a potion of flight {unknown}
 i - a potion of heal wounds
 n - 2 potions of brilliance {unknown}
 o - a potion of berserk rage {unknown}


   Skills:
 + Level 4.2 Fighting
 + Level 3.9 Long Blades
 + Level 4.2 Armour
 + Level 1.2 Dodging
 + Level 4.1 Shields


You had 3 spell levels left.
You didn't know any spells.
Your spell library contained the following spells:

 Spells                   Type           Power      Damage    Failure   Level
 Ignite Poison            Fire/Tmut/Pois 0%         N/A       100%        3
 Sticky Flame             Conj/Fire      0%         2d3       100%        4
 Ignition                 Fire           0%         3d3       100%        8


Dungeon Overview and Level Annotations

Branches:
Dungeon (3/15)

Altars:


Innate Abilities, Weirdness & Mutations

You have a pair of horns on your head.
You reflexively headbutt those who attack you in melee.


Message History

The gnoll is moderately wounded.
The gnoll hits you with a +0 spear. The gnoll hits you with a +0 whip.
* * * LOW HITPOINT WARNING * * *
Unknown command.
You hit the gnoll.
The gnoll is moderately wounded.
Unknown command.
You hit the gnoll. Your headbutt misses the gnoll.
The gnoll is severely wounded.
The gnoll misses you. You furiously retaliate!
You headbutt the gnoll. The gnoll hits you but does no damage.
Unknown command.
You barely miss the gnoll. Your headbutt misses the gnoll.
The gnoll is severely wounded.
You block the gnoll's attack. The gnoll hits you with a +0 whip.
* * * LOW HITPOINT WARNING * * *
Unknown command.
You barely miss the gnoll.
You headbutt the gnoll, but do no damage.
The gnoll is severely wounded.
The gnoll hits you but does no damage. The gnoll misses you.
Unknown command.
You closely miss the gnoll.
You headbutt the gnoll, but do no damage.
The gnoll is severely wounded.
Unknown command.
You barely miss the gnoll.
The gnoll is severely wounded.
The gnoll hits you with a +0 spear.
* * * LOW HITPOINT WARNING * * *
The gnoll hits you with a +0 whip.
* * * LOW HITPOINT WARNING * * *
Unknown command.
You slash the gnoll!
You headbutt the gnoll, but do no damage.
The gnoll is almost dead.
The gnoll hits you with a +0 spear.
* * * LOW HITPOINT WARNING * * *
The gnoll hits you with a +0 whip.
You die...

.......>......# #.#..#
#. ...........# #.#..#
.###.#.#.#..#.# #..... #
....... #..#.# #.#.## #.
.....###..#.###.#.#
#.##....#............#
#..............#####.#
#....g.........# #.#
#..@.#.####.# #.#
.####.g).#.# #.# #.#
.........#.####.## #.#
.................# #.#
.####.####.####.#####.##
... ................#
..................#..#
##############........#
####.##..#


You could see 2 gnolls.

Vanquished Creatures
  Natasha (D:3)
  A gnoll (D:3)
  2 worms (D:2)
  A dart slug (D:1)
  5 orcs (D:3)
  3 ball pythons
  5 bats
  2 endoplasms
  2 giant cockroaches (D:1)
  6 goblins
  3 hobgoblins
  6 jackals
  4 kobolds
  2 quokkas
  2 frilled lizards
  A rat (D:2)
46 creatures vanquished.

Notes
Turn   | Place    | Note
-------+----------+-------------------------------------------
     0 | D:1      | Peloso the Minotaur Fighter began the quest for the Orb.
     0 | D:1      | Reached XP level 1. HP: 19/19 MP: 0/0
    78 | D:1      | Reached XP level 2. HP: 25/27 MP: 1/1
   506 | D:1      | Reached XP level 3. HP: 32/33 MP: 2/2
  1031 | D:2      | Identified the +0 falchion "Gaathemeon" {speed, rC++ rN+
                  | Str-5 Dex+3}
  1046 | D:2      | Found Remif's General Store.
  1450 | D:3      | Reached skill level 1 in Dodging
  1451 | D:3      | Noticed Natasha
  1462 | D:3      | Killed Natasha
  1463 | D:3      | Reached XP level 4. HP: 26/40 MP: 3/3
  1664 | D:3      | Slain by a gnoll

Illustrated notes

Levels and vault maps discovered:
D:1:      lemuel_arrival_cross, layout_basic
D:2:      layout_basic, serial_shops, nicolae_shop_tiny_real_fake_doors
D:3:      layout_basic, uniq_crazy_yiuf_cottage, uniq_natasha

Skill      XL: |  1  2  3 |
---------------+----------+-----
Fighting       | 4 |  4.2
Shields        | 4 |  4.1
Armour         | 4 |  4.2
Long Blades    | 3 |  3.9
Dodging        | 1 |  1.2

Action                     |  1- 3 |  4- 6 || total
---------------------------+-------+-------++-------
  Melee: Long sword        |    69 |       ||    69
         Headbutt          |     9 |     3 ||    12
         Falchion          |    25 |    17 ||    42
    Use: Potion            |     2 |       ||     2
         Scroll            |     1 |       ||     1
 Armour: Scale mail        |    52 |     3 ||    55
  Dodge: Dodged            |    53 |    10 ||    63
  Block: Buckler           |    19 |     4 ||    23
